 Dungeon Sprint DCSS version 0.28-b1-1-g3c77fb2ed1 (webtiles) character file.

Game seed: 9032869778736061734

1711 boopmooplesden the Fighter (level 8, -1/86 HPs)
             Began as a Minotaur Fighter on Jan 29, 2022.
             Was an Initiate of Okawaru.
             Slain by a polar bear (9 damage)
             ... in the Dungeon (Sprint II: "The Violet Keep of Menkaure").
             The game lasted 00:03:42 (599 turns).

boopmooplesden the Fighter (Minotaur Fighter)        Turns: 599, Time: 00:03:43

Health: -1/86      AC: 13    Str: 23    XL:     8   Next: 74%
Magic:  2/2        EV: 10    Int:  3    God:    Okawaru [......]
Gold:   348        SH:  6    Dex:  8    Spells: 7/7 levels left

rFire   . . .      SeeInvis .   d - +2 spear (antimagic)
rCold   + + .      Faith    .   c - +0 buckler
rNeg    + . .      Spirit   .   b - +0 scale mail
rPois   .          Reflect  .   (helmet restricted)
rElec   .          Harm     .   (no cloak)
rCorr   .          Rampage  .   l - +1 pair of gloves
Will    .....      Rage     1%  m - +0 pair of boots of the Big Bang {rC++ rN+}
Stlth   .......... NoTele   +   (no amulet)
HPRegen 0.24/turn               (no ring)
MPRegen 0.08/turn               (no ring)

@: lethally poisoned (-1 -> -13), on berserk cooldown, hasted and slowed
A: horns 2, retaliatory headbutt, berserk 1, clumsy 1, dopey 1, low mp 1
a: Renounce Religion


You were in the Dungeon.
You worshipped Okawaru.
Okawaru was noncommittal.
You visited 1 branch You collected 972 gold pieces.
You spent 624 gold pieces at shops.

Inventory:

Hand Weapons
 a - a +0 trident
 d - a +2 antimagic spear (weapon)
Armour
 b - a +0 scale mail (worn)
 c - a +0 buckler (worn)
 l - a +1 pair of gloves (worn)
 m - the +0 pair of boots of the Big Bang (worn) {rC++ rN+}
   (You bought it in a shop in the Dungeon)

   rC:        It greatly protects you from cold.
   rN:        It protects you from negative energy.
 n - a +0 pair of gloves
Scrolls
 j - a scroll of blinking
Potions
 e - a potion of curing
 h - 2 potions of magic
 k - a potion of degeneration {unknown}


   Skills:
 + Level 13.1 Fighting
 + Level 9.5 Polearms
 + Level 12.9 Armour
 + Level 2.8 Dodging
 + Level 12.4 Shields


You had 7 spell levels left.
You didn't know any spells.
Your spell library was empty.

Dungeon Overview and Level Annotations

Branches:
Dungeon (1/1)

Altars:
Cheibriados
Dithmenos
Elyvilon
Fedhas
Gozag
Hepliaklqana
Kikubaaqudgha
Makhleb
Nemelex Xobeh
Okawaru
Qazlal
Ru
Sif Muna
Trog
Uskayaw
Vehumet
Wu Jian
Xom
Yredelemnul
Zin
The Shining One
Beogh
Jiyva
Lugonu

Shops:
D [:![??[(![:==:=

Annotations:
D exclusion: oklob plant


Innate Abilities, Weirdness & Mutations

You have a pair of horns on your head.
You reflexively headbutt those who attack you in melee.
You tend to lose your temper in combat.
You are clumsy. (Dex -2)
You are dopey. (Int -2)
Your magical capacity is low. (-10% MP)


Message History

The hornet stings you but does no damage.
The polar bear bites you. The polar bear claws you.
The polar bear claws you but does no damage.
You barely miss the polar bear.
You headbutt the polar bear, but do no damage.
The polar bear is moderately wounded.
You feel sick. The hornet closely misses you.
You hit the polar bear.
The polar bear is moderately wounded.
The hornet stings you but does no damage.
The polar bear bites you. You block the polar bear's attack.
The polar bear claws you but does no damage.
You hit the polar bear.
The polar bear is heavily wounded.
You feel sick. The hornet misses you.
You closely miss the polar bear. You headbutt the polar bear.
The polar bear is heavily wounded.
You feel sick.
The polar bear bites you but does no damage.
You block the polar bear's attack. The polar bear completely misses you.
The hornet stings you!
* * * LOW HITPOINT WARNING * * *
You feel as though you will be slow longer.
You closely miss the hornet.
The hornet is moderately wounded.
You feel sick. You block the hornet's attack.
The polar bear bites you but does no damage.
You block the polar bear's attack.
The polar bear claws you but does no damage.
You puncture the hornet!
The hornet is heavily wounded.
The hornet stings you!
* * * LOW HITPOINT WARNING * * *
You are lethally poisoned!
You feel as though you will be slow longer.
You closely miss the hornet.
The hornet is heavily wounded.
* * * LOW HITPOINT WARNING * * *
You feel sick. The polar bear bites you!
You die...

.##.# ...# ...#
...####..## #..# .#
#'###.##..# +..# .# $
#.##...#..# #..# .# $!
.<.'.#.'..### .^##.# ?[?
#.##...#....###.^.##▓▓▓▓
#'###.##...†..≈chh≈≈≈≈≈≈
#.#####≈≈.....≈#y#######
.#..#≈≈≈≈≈§≈..≈#@h_.....
.#.##≈≈≈≈≈≈≈≈.≈#._._....
#+##≈≈≈§≈§≈≈§≈≈#_._._...
≈ ≈≈≈§§§≈§≈≈≈≈≈#._._._..
+#+++#≈§≈≈≈§≈≈≈#_._._._.
≈ ##§§≈###≈≈#._._._._
##≈≈ #≈≈#.._._._.
#§§#._._._..


You could see 3 polar bears, a yaktaur and a hornet.

Vanquished Creatures
  A merfolk siren (D)
  A blink frog (D)
  2 wyverns (D)
  4 neqoxecs (D)
  2 water moccasins (D)
  4 scorpions (D)
14 creatures vanquished.

Vanquished Creatures (others)
  Menkaure (D)
1 creature vanquished.

Grand Total: 15 creatures vanquished

Notes
Turn   | Place    | Note
-------+----------+-------------------------------------------
     0 | D        | boopmooplesden the Minotaur Fighter began the quest for the
                  | Orb.
     0 | D        | Reached XP level 1. HP: 19/19 MP: 0/0
     1 | D        | Noticed a merfolk siren
    10 | D        | Killed a merfolk siren
    11 | D        | Reached skill level 9 in Fighting
    11 | D        | Reached skill level 5 in Polearms
    11 | D        | Reached XP level 2. HP: 28/37 MP: 1/1
    11 | D        | Reached XP level 3. HP: 34/44 MP: 2/2
    11 | D        | Reached XP level 4. HP: 38/50 MP: 3/3
    11 | D        | Reached XP level 5. HP: 44/57 MP: 4/4
    11 | D        | Reached XP level 6. HP: 49/64 MP: 5/5
    72 | D        | Noticed a neqoxec
    72 | D        | Noticed a neqoxec
    72 | D        | Noticed a neqoxec
    72 | D        | Noticed a neqoxec
    80 | D        | Killed a neqoxec
    81 | D        | Reached skill level 10 in Fighting
    81 | D        | Reached skill level 10 in Armour
    81 | D        | Gained mutation: You are clumsy. (Dex -2) [a neqoxec]
    84 | D        | Gained mutation: You have hidden genetic defects. [a
                  | neqoxec]
    93 | D        | Killed a neqoxec
    94 | D        | Reached skill level 10 in Shields
    94 | D        | Reached XP level 7. HP: 49/73 MP: 2/6
    98 | D        | Killed a neqoxec
    99 | D        | Reached skill level 11 in Fighting
    99 | D        | Reached skill level 1 in Dodging
   101 | D        | Gained mutation: You are dopey. (Int -2) [a neqoxec]
   107 | D        | Killed a neqoxec
   114 | D        | Gained mutation: Your magical capacity is low. (-10% MP)
                  | [hidden defects]
   249 | D        | Killed Menkaure
   271 | D        | Reached skill level 12 in Fighting
   276 | D        | Reached XP level 8. HP: 80/83 MP: 2/6
   280 | D        | Gained mutation: You tend to lose your temper in combat.
                  | [hidden defects]
   280 | D        | Lost mutation: You have hidden genetic defects. [hidden
                  | defects expressed]
   321 | D        | Found Detwaepn's Jewellery Emporium.
   321 | D        | Found Etainihei's Jewellery Shoppe.
   321 | D        | Found Vuofa's Jewellery Emporium.
   322 | D        | Found Vosuyves's Book Emporium.
   322 | D        | Found Wugeokku's Antique Armour Shoppe.
   322 | D        | Found Fuhuara's Distillery.
   322 | D        | Found Ohynk's Antique Weapon Shoppe.
   323 | D        | Found Pegu's Magic Scroll Shoppe.
   323 | D        | Found Senu's Book Emporium.
   323 | D        | Found Etee's Armour Emporium.
   323 | D        | Found Biedwefi's Magic Scroll Shoppe.
   348 | D        | Noticed a blink frog
   378 | D        | Found Zuluatsu's Antique Armour Shoppe.
   378 | D        | Found Siasas's Distillery.
   378 | D        | Noticed an oklob plant
   379 | D        | Found Kegezit's Armour Shoppe.
   379 | D        | Found Cuoxey's Book Shoppe.
   380 | D        | Noticed an iron elemental
   386 | D        | Bought a pair of embroidered gloves for 172 gold pieces
   392 | D        | Bought the +0 pair of boots of the Big Bang {rC++ rN+} for
                  | 398 gold pieces
   392 | D        | Bought a +0 pair of gloves for 54 gold pieces
   431 | D        | Killed a blink frog
   432 | D        | Reached skill level 13 in Fighting
   557 | D        | Found an iron altar of Okawaru.
   557 | D        | Found a radiant altar of Vehumet.
   557 | D        | Found a glowing silver altar of Zin.
   558 | D        | Found a sparkling altar of Nemelex Xobeh.
   558 | D        | Found a hide-covered altar of Uskayaw.
   558 | D        | Found a basalt altar of Yredelemnul.
   559 | D        | Found an opulent altar of Gozag.
   559 | D        | Found a burning altar of Makhleb.
   559 | D        | Found a bloodstained altar of Trog.
   559 | D        | Found a shimmering altar of Xom.
   560 | D        | Found a blossoming altar of Fedhas.
   560 | D        | Found a corrupted altar of Lugonu.
   560 | D        | Found a shimmering blue altar of Sif Muna.
   572 | D        | Found a white marble altar of Elyvilon.
   572 | D        | Found an ancient bone altar of Kikubaaqudgha.
   573 | D        | Found a shadowy altar of Dithmenos.
   573 | D        | Found a viscous altar of Jiyva.
   574 | D        | Found a snail-covered altar of Cheibriados.
   575 | D        | Found a sacrificial altar of Ru.
   575 | D        | Found a hazy altar of Hepliaklqana.
   575 | D        | Noticed a hornet
   575 | D        | Noticed a polar bear
   575 | D        | Noticed a polar bear
   576 | D        | Found a glowing golden altar of the Shining One.
   576 | D        | Found an ornate altar of the Wu Jian Council.
   576 | D        | Found a stormy altar of Qazlal.
   576 | D        | Noticed a yaktaur
   577 | D        | Became a worshipper of Warmaster Okawaru
   578 | D        | Noticed a polar bear
   586 | D        | Paralysed by a hornet for 1 turns
   599 | D        | Slain by a polar bear

Illustrated notes

Levels and vault maps discovered:
D:        the_violet_keep_of_menkaure [sprint2_stairs_cluster_1,
          sprint2_shoproom, sprint2_temple, sprint2_basic_supplies,
          sprint2_obstacle_5, sprint2_obstacle_1, sprint2_obstacle_6,
          sprint2_obstacle_3, sprint2_obstacle_4, sprint2_timed_cluster_1,
          sprint2_smallroom_cluster_1, sprint2_smallroom_final_cluster_1,
          sprint2_transparent_cluster_1, sprint2_second_timed_cluster_1,
          sprint2_sniper_area_1, sprint2_heavy_combat_area_1,
          sprint2_mutation_trap_area_1, sprint2_forest_area_1,
          sprint2_light_combat_area_1, sprint2_behind_water_1,
          sprint2_near_end_vault_1]

Skill      XL: |  1  2  3  4  5  6  7  8 |
---------------+-------------------------+-----
Fighting       | 9 10 12 13 | 13.1
Polearms       | 5 6 7 9 |  9.5
Armour         | 9 11 12 | 12.9
Shields        | 9 10 11 12 | 12.4
Dodging        | 1 2 |  2.8

Action                   |  1- 3 |  4- 6 |  7- 9 || total
-------------------------+-------+-------+-------++-------
Melee: Trident           |     6 |       |       ||     6
       Headbutt          |     1 |     3 |    21 ||    25
       Spear             |       |    19 |    91 ||   110
  Use: Potion            |     1 |       |     3 ||     4
Armor: Scale mail        |       |     4 |    39 ||    43
Dodge: Dodged            |     1 |     4 |    29 ||    34
Block: Buckler           |       |     5 |    32 ||    37
